AoeStats
← alexmavrovic

Four Lakes

510191857Analyzed
1v1 RM · 3d ago on Sep 29, 2026· 49m 21s· 2 players
Game mode
Random Map
Map size
Tiny (2 player)
Population
200
Speed
Normal
Resources
Standard
Victory
Conquest
Starting age
Dark Age
Ending age
Imperial Age
RankedLock teamsTeams togetherTeam positionsShared explorationLock speedFull tech treeHidden civsTurbo modeCheats
Victory
Defeat
🇨🇦 Varangians · Canada
1259
+15
🇧🇷 Lithuanians · Brazil
1248
-15
Platini
6:59 Loom
9:31 Feudal Age
10:10 Double-Bit Axe
10:10 Fishing Lines
17:15 Castle Age
17:47 Scale Barding Armor
17:53 Forging
18:39 Husbandry
20:09 Bloodlines
23:00 Pikeman
27:04 Squires
28:07 Arson
32:25 Padded Archer Armor
32:46 Scale Mail Armor
33:30 Town Watch
38:48 Imperial Age
36:37 Elite Skirmisher
39:02 Chain Mail Armor
38:40 Fletching
39:26 Cavalier
42:00 Bow Saw
43:12 Chemistry
43:12 Gillnets
44:05 Conscription
45:20 Tower Shields
alexmavrovic
7:08 Loom
9:43 Feudal Age
16:10 Castle Age
14:12 Double-Bit Axe
16:21 Forging
19:10 Wheelbarrow
19:06 Scale Barding Armor
20:49 Bloodlines
24:47 Fishing Lines
25:41 Husbandry
25:55 Horse Collar
35:24 Imperial Age
33:01 Gillnets
33:12 Fletching
33:59 Bow Saw
33:50 Heavy Plow
33:42 Gold Mining
33:43 Stone Mining
34:56 Bodkin Arrow
36:08 Bracer
35:35 Elite Varangian Guard
36:42 Conscription
36:44 Chain Barding Armor
39:01 Hand Cart
40:38 Plate Barding Armor
41:21 Iron Casting
42:35 Two-Man Saw
42:07 Crop Rotation
42:14 Stone Shaft Mining
42:06 Elite Jarl
44:15 Blast Furnace
44:26 Town Watch
45:23 Cavalier
47:22 Squires
47:24 Scale Mail Armor
47:50 Siege Engineers
47:10 Gothikon
49:54 Chain Mail Armor
Connection lost

Rejoining the realm…

Still unreachable

The connection could not be restored.

Session expired

The server has moved on; the page needs a fresh start.